 Dungeon Crawl Stone Soup version 0.16.1-11-g651b585 (webtiles) character file.

105 Shoikan the Cudgeler (level 4, -2/39 HPs)
             Began as a Minotaur Berserker on Mar 31, 2015.
             Was a Believer of Trog.
             Slain by a giant frog zombie (4 damage)
             ... in an ossuary.
             The game lasted 00:11:21 (2254 turns).

Shoikan the Cudgeler (Minotaur Berserker)           Turns: 2254, Time: 00:11:21

Health: -2/39      AC:  6    Str: 21    XL:     4   Next: 54%
Magic:  2/2        EV: 11    Int:  5    God:    Trog [**....]
Gold:   109        SH:  0    Dex: 10    Spells: 0 memorised, 3 levels left

rFire  . . .     SeeInvis .     a - +0 mace
rCold  . . .     Clarity  .     q - +0 ring mail
rNeg   . . .     SustAb   .     (no shield)
rPois  .         Gourm    .     (helmet restricted)
rElec  .         Spirit   .     (no cloak)
rCorr  .         Warding  .     (no gloves)
rMut   .         Stasis   .     p - +0 pair of boots
MR     .....                    (no amulet)
Stlth  ..........               (no ring)
                                (no ring)

@: exhausted, slowed, very slow, not resistant to hostile enchantments,
extremely unstealthy
A: retaliatory headbutt, horns 2
a: Burn Spellbooks, Berserk, Trog's Hand, Renounce Religion


You were in an ossuary.
You worshipped Trog.
Trog was pleased with you.
You were very hungry.

You visited 1 branch of the dungeon, and saw 4 of its levels.
You also visited: Ossuary.

You collected 109 gold pieces.

Inventory:

Hand weapons
 a - a +0 mace (weapon)
Armour
 p - a +0 pair of boots (worn)
 q - a +0 ring mail (worn)
Scrolls
 e - 4 scrolls of identify {unknown}
 h - a scroll of blinking {unknown}
 i - a scroll of magic mapping {unknown}
 n - a scroll of random uselessness {unknown}
 o - 2 scrolls of recharging {unknown}
Potions
 b - a potion of brilliance {unknown}
 d - a potion of berserk rage {unknown}
 k - a potion of ambrosia {unknown}
 l - a potion of might {unknown}
 m - a potion of resistance {unknown}
Comestibles
 c - a bread ration
 f - 3 beef jerkies
 g - a slice of pizza
 j - a meat ration


   Skills:
 - Level 3.6 Fighting
 + Level 6.5 Maces & Flails
 - Level 2.4 Armour
 - Level 2.1 Dodging


You had 3 spell levels left.
You didn't know any spells.

Dungeon Overview and Level Annotations

Branches:
Dungeon (4/15)
 Temple: D:4-7

Altars:
Ashenzari
Kikubaaqudgha
Trog


Innate Abilities, Weirdness & Mutations

You reflexively headbutt those who attack you in melee.
You have a pair of horns on your head.


Message History

Your unstable footing causes you to fumble your attack.
The giant frog zombie hits you.
* * * LOW HITPOINT WARNING * * *
The hound zombie bites you.
* * * LOW HITPOINT WARNING * * *
The giant frog zombie barely misses you.
You furiously retaliate!
You headbutt the giant frog zombie!
Your unstable footing causes you to fumble your attack.
The hound zombie barely misses you.
The giant frog zombie hits you but does no damage.
The mummy hits you.
* * * LOW HITPOINT WARNING * * *
The hound zombie misses you.
A mummy comes into view.
You are no longer berserk.
You are exhausted.
You feel as though you will be slow longer.
You are feeling very hungry.
The giant frog zombie hits you.
You die...

≈ ... ≈##≈≈#
#≈P..# ≈≈#.M
# .≈Z#
##≈#ZZ###
#≈≈PZMZ.#
###Z#####
#.≈@#..∩#
#≈≈≈#≈≈≈.∩.#
≈≈≈#≈P.≈#...#
## #≈≈#≈#####
#≈P...
#≈#≈≈≈≈
≈≈####.#P #
####


You could see 2 mummies, a hound zombie, 4 giant frog zombies and a wyvern
zombie.

Vanquished Creatures
  A bog body (Ossuary)
  2 adders
  2 worms (D:2)
  6 bats
  2 giant cockroaches
  4 goblins
  6 hobgoblins
  2 quokkas (D:2)
  4 giant geckos
  2 giant newts (D:2)
  6 kobolds
  4 rats
41 creatures vanquished.

Notes
Turn   | Place    | Note
--------------------------------------------------------------
     0 | D:1      | Shoikan, the Minotaur Berserker, began the quest for the Orb.
     0 | D:1      | Reached XP level 1. HP: 19/19 MP: 1/1
   182 | D:1      | Reached skill level 4 in Maces & Flails
   318 | D:1      | Reached XP level 2. HP: 26/26 MP: 1/1
  1016 | D:1      | Acquired Trog's second power
  1122 | D:2      | Reached skill level 5 in Maces & Flails
  1122 | D:2      | Reached XP level 3. HP: 29/31 MP: 2/2
  1205 | D:2      | Found a shattered altar of Ashenzari.
  1213 | D:2      | Found an ancient bone altar of Kikubaaqudgha.
  1507 | D:2      | Found a bloodstained altar of Trog.
  2121 | D:3      | Reached XP level 4. HP: 35/39 MP: 2/2
  2221 | D:3      | You fall through a shaft!
  2232 | D:4      | Found a sand-covered staircase.
  2237 | Ossuary  | Entered an ossuary
  2246 | Ossuary  | Reached skill level 6 in Maces & Flails
  2253 | Ossuary  | HP: 2/58 [mummy (4)]
  2254 | Ossuary  | Slain by a giant frog zombie

Action                   |  1- 3 |  4- 6 || total
-------------------------+-------+-------++-------
Melee: Mace              |    81 |    11 ||    92
Invok: Berserk           |       |     1 ||     1
  Eat: Chunk             |     3 |     1 ||     4
